 Dungeon Crawl Stone Soup version 0.28.0-43-g3370ac3207 (webtiles) character file.

Game seed: 2830154982405607023

830 marklar909 the Skirmisher (level 7, -7/59 HPs)
             Began as a Palentonga Abyssal Knight on Mar 23, 2022.
             Was a Priest of Lugonu.
             Killed by an exploding howler monkey skeleton (33 damage)
             ... ignited by their inner flame
             ... on level 5 of the Dungeon on Mar 24, 2022.
             The game lasted 00:08:10 (7025 turns).

marklar909 the Skirmisher (PaAK)                    Turns: 7025, Time: 00:08:11

Health: -7/59      AC: 13    Str: 18    XL:     7   Next: 65%
Magic:  8/8        EV: 13    Int: 10    God:    Lugonu [***...]
Gold:   209        SH:  4    Dex: 17    Spells: 3/6 levels left

rFire   . . .      SeeInvis +   a - +1 mace
rCold   . . .      Faith    .   v - +0 buckler
rNeg    . . .      Spirit   .   f - +0 ring mail
rPois   .          Reflect  .   (no helmet)
rElec   .          Harm     .   (no cloak)
rCorr   .          Rampage  .   (no gloves)
Will    .....                   (no barding)
Stlth   +.........              e - amulet of the acrobat
HPRegen 0.19/turn               c - +6 ring of dexterity
MPRegen 0.11/turn               t - +4 ring of evasion

@: about to teleport, curled up
A: large, rugged brown scales 3, see invisible, deformed body, roll 1, armoured
tail, reflexive curl
a: Rolling Charge, Renounce Religion, Depart the Abyss, Bend Space, Banish


You were on level 5 of the Dungeon.
You worshipped Lugonu.
Lugonu was most pleased with you.
You visited 1 branch of the dungeon, and saw 6 of its levels.
You visited the Abyss 1 time.

You collected 209 gold pieces.

Inventory:

Hand Weapons
 a - a +1 mace (weapon)
Missiles
 m - 20 poisoned darts
Armour
 f - a +0 ring mail (worn)
 v - a +0 buckler (worn)
Jewellery
 c - a +6 ring of dexterity (left hand)
 e - an amulet of the acrobat (around neck)
 n - a ring of positive energy
 t - a +4 ring of evasion (right hand)
Wands
 q - a wand of polymorph (7)
Scrolls
 b - a scroll of amnesia
 r - a scroll of torment
 x - 2 scrolls of identify
Potions
 d - a potion of lignification {unknown}
 i - a potion of flight {unknown}
 k - 4 potions of curing {unknown}
 o - 2 potions of heal wounds {unknown}
 p - 2 potions of magic {unknown}
 s - a potion of resistance {unknown}
 u - a potion of might
 w - 2 potions of attraction {unknown}


   Skills:
 + Level 5.0 Fighting
 + Level 4.8 Maces & Flails
 + Level 0.1 Throwing
 + Level 3.4 Armour
 + Level 2.5 Dodging
 + Level 1.3 Stealth
 + Level 0.5 Shields
 * Level 2.0 Necromancy
 * Level 2.1 Invocations


You had 3 spell levels left.
You knew the following spells:

 Your Spells              Type           Power      Damage    Failure   Level
a - Vampiric Draining     Necr           4%         2d6       73%         3

Your spell library contained the following spells:

 Spells                   Type           Power      Damage    Failure   Level
 Animate Skeleton         Necr           8%         N/A       36%         1
 Pain                     Necr           16%        1d4       36%         1
 Stone Arrow              Conj/Erth      0%         3d7       94%         3
 Animate Armour           Summ/Erth      0%         N/A       100%        4
 Lehudib's Crystal Spear  Conj/Erth      0%         10d2      100%        8


Dungeon Overview and Level Annotations

Branches:
Dungeon (6/15)             Temple (0/1) D:5

Altars:

Portals:
Sewer: D:6

Annotations:
D:5 2 transporters


Innate Abilities, Weirdness & Mutations

You are completely covered in rugged brown scales. (AC +3, +7% HP)
You have supernaturally acute eyesight. (SInv)
Armour fits poorly on your strangely shaped body.
You can roll at nearby foes to attack.
You have a long armoured tail.
You curl defensively after being hit. (AC +7*)


Message History

You sock the orc!
You kill the orc!
Lugonu accepts your kill.
No target in view!
No target in view!
Search for what [? for help]? mace
As you read the scroll labelled TAURUU OMMAI, it crumbles to dust.
Wisps of shadow whirl around you...
It was a scroll of summoning.
As you read the scroll labelled JIXOQU OLOALI, it crumbles to dust.
You feel strangely unstable.
It was a scroll of teleportation.
As you read the scroll labelled TEXKUDATZY, it crumbles to dust.
The creatures around you are filled with an inner flame!
It was a scroll of immolation.
As you read the scroll labelled YTIKOK MAI, it crumbles to dust.
Your body is wracked with pain!
Your gnoll shaman convulses!
Flame seeps out of your gnoll shaman.
Your gnoll convulses!
Flame seeps out of your gnoll.
Your gnoll convulses!
Flame seeps out of your gnoll.
Your gnoll convulses!
Flame seeps out of your gnoll.
Your gnoll convulses!
Flame seeps out of your gnoll.
It was a scroll of torment.
Your gnoll is engulfed in blazing flames.
Your gnoll's corpse dissolves into shadows!
Your gnoll explodes!
The fiery explosion engulfs your gnoll!!
Your gnoll's corpse dissolves into shadows!
The fiery explosion engulfs your gnoll!!
Your gnoll's corpse dissolves into shadows!
The fiery explosion engulfs your howler monkey skeleton!!
Your howler monkey skeleton dissolves into shadows!
Your howler monkey skeleton explodes!
The fiery explosion engulfs your gnoll shaman!
Your gnoll shaman's corpse dissolves into shadows!
The fiery explosion engulfs you!!
Ouch! That really hurt!
You die...

#....... #.......
.#.################.....#.
..........................
#....#...########....
#..#..#...# #....
#...#......### #....
#..#.#.#......# #....
#....###@5.....# #....
#..# . #○§○#....# #####
... #..§○§#......# # .#
##g§○#####...# # #....
...# #...#. ..## ....### #
...# # #


You could see a friendly gnoll (summoned, inner flame) and a friendly white imp
(summoned, inner flame).

Vanquished Creatures
  An ice beast (D:4)
  A kobold brigand (D:4)
  A bullfrog (D:4)
  A water moccasin skeleton (D:5)
  A centaur zombie (D:5)
  3 hounds (D:4)
  2 bullfrog skeletons
  3 iguanas
  2 orc wizards (D:5)
  7 gnolls
  8 adders
  A shadow imp (D:5)
  An adder skeleton (D:4)
  5 dart slugs
  9 orcs
  4 ball pythons
  7 bats
  8 endoplasms
  3 giant cockroaches
  2 goblins
  8 hobgoblins
  4 jackals
  5 quokkas
  6 frilled lizards
  7 kobolds
  5 rats
105 creatures vanquished.

Notes
Turn   | Place    | Note
-------+----------+-------------------------------------------
     0 | Abyss:1  | marklar909 the Palentonga Abyssal Knight began the quest
                  | for the Orb.
     0 | Abyss:1  | Reached XP level 1. HP: 19/19 MP: 2/2
    48 | Abyss:1  | Noticed a rakshasa
    49 | D:1      | Escaped the Abyss
   292 | D:1      | Reached * piety under Lugonu
   422 | D:1      | Reached XP level 2. HP: 25/25 MP: 3/3
   792 | D:1      | Found a faded altar of an unknown god.
  1160 | D:2      | Reached XP level 3. HP: 32/32 MP: 4/4
  2309 | D:1      | Reached skill level 4 in Fighting
  2468 | D:2      | Reached skill level 1 in Dodging
  2468 | D:2      | Reached XP level 4. HP: 32/39 MP: 5/5
  3092 | D:2      | Reached ** piety under Lugonu
  3771 | D:3      | Reached XP level 5. HP: 31/46 MP: 6/6
  3972 | D:3      | You fall into a shaft and drop 3 floors!
  3978 | D:6      | Noticed a sky beast
  3985 | D:6      | Noticed an ogre
  4011 | D:6      | Found a glowing drain.
  4031 | D:5      | Entered Level 5 of the Dungeon
  4083 | D:5      | Reached skill level 1 in Stealth
  4089 | D:5      | Reached XP level 6. HP: 13/52 MP: 7/7
  4192 | D:5      | Found a transporter.
  4340 | D:5      | Found a transporter.
  4542 | D:5      | Found a staircase to the Ecumenical Temple.
  5317 | D:4      | Noticed an ice beast
  5984 | D:4      | Learned a level 3 spell: Vampiric Draining
  6215 | D:4      | Killed an ice beast
  6216 | D:4      | Gained mutation: You curl defensively after being hit. (AC
                  | +7*) [Palentonga growth]
  6216 | D:4      | Reached XP level 7. HP: 50/58 MP: 8/8
  6218 | D:4      | Reached *** piety under Lugonu
  6341 | D:4      | Reached skill level 1 in Necromancy
  6369 | D:4      | Noticed Blork the orc
  6377 | D:4      | Noticed Blork
  6377 | D:4      | Blork the orc changed into Blork the iguana
  6382 | D:4      | Killed Blork the iguana
  6939 | D:5      | Reached skill level 5 in Fighting
  7025 | D:5      | Killed by an exploding howler monkey skeleton... ignited by
                  | their inner flame

Illustrated notes

Levels and vault maps discovered:
D:1:      pf_arrival_petrified_forest, layout_loops_ring,
          chequers_ecumenical_altar_simple
D:2:      layout_basic
D:3:      layout_rooms
D:4:      layout_gridville, uniq_blork_the_orc
D:5:      gammafunk_steamed_eel, layout_basic, minmay_temple_entry_arrows
D:6:      black_bear_nest_1, layout_rooms, portal_sewer_entry_b,
          ebering_ghost_rock_garden

Skill      XL: |  1  2  3  4  5  6  7 |
---------------+----------------------+-----
Armour         | 2 3 |  3.4
Fighting       | 4 5 |  5.0
Dodging        | 1 2 |  2.5
Maces & Flails | 3 4 |  4.8
Stealth        | 1 |  1.3
Necromancy     | 2 |  2.0
Throwing       | |  0.1
Shields        | |  0.5
Invocations    | |  2.1

Action                   |  1- 3 |  4- 6 |  7- 9 || total
-------------------------+-------+-------+-------++-------
Melee: Mace              |    84 |   233 |    84 ||   401
       Tailslap          |     8 |    23 |    19 ||    50
       Punch             |       |     1 |       ||     1
Throw: Dart              |       |     2 |       ||     2
Invok: Depart the Abyss  |     1 |       |       ||     1
 Abil: Rolling Charge    |     1 |     3 |       ||     4
Evoke: Wand              |       |       |     1 ||     1
  Use: Scroll            |       |     4 |     4 ||     8
       Potion            |       |       |     1 ||     1
 Stab: Sleeping          |       |     1 |     3 ||     4
Armor: Leather armour    |     8 |       |       ||     8
       Ring mail         |    24 |    93 |    37 ||   154
Dodge: Dodged            |    62 |   159 |    58 ||   279
Block: Buckler           |       |     8 |    17 ||    25
